 Dungeon Crawl Stone Soup version 0.17.1-3-g152610e (webtiles) character file.

437 inmateoo the Insei (level 6, 0/42 HPs)
             Began as a Demonspawn Wizard on Feb 22, 2016.
             Was an Initiate of Cheibriados.
             Slain by a gnoll (6 damage)
             ... on level 5 of the Dungeon.
             The game lasted 00:11:21 (4094 turns).

inmateoo the Insei (Demonspawn Wizard)              Turns: 4094, Time: 00:11:22

Health: 0/42       AC:  5    Str: 15    XL:     6   Next: 69%
Magic:  4/10       EV: 17    Int: 20    God:    Cheibriados [......]
Gold:   273        SH:  0    Dex: 18    Spells: 4 memorised, 4 levels left

rFire  . . .     SeeInvis .       - Unarmed
rCold  + . .     Clarity  .     a - +0 robe
rNeg   . . .     SustAt   .     (no shield)
rPois  .         Gourm    .     o - +0 helmet
rElec  .         Spirit   .     (no cloak)
rCorr  .         Warding  .     r - +0 pair of gloves
rMut   .         Stasis   .     (no boots)
MR     .....                    (no amulet)
Stlth  +++.......               (no ring)
                                u - ring of protection from cold

@: mighty, agile, lethally poisoned (0 -> -2), repel missiles, very slow, not
resistant to hostile enchantments, fairly stealthy
A: icy blue scales 1, powered by death 1
a: Bend Time, Renounce Religion


You were on level 5 of the Dungeon.
You worshipped Cheibriados.
Cheibriados was noncommittal.
You were not hungry.

You visited 2 branches of the dungeon, and saw 6 of its levels.

You collected 273 gold pieces.

Inventory:

Hand Weapons
 e - a +2 dagger of freezing
Armour
 a - a +0 robe (worn)
 b - a +0 hat
 o - a +0 helmet (worn)
 r - a +0 pair of gloves (worn)
Jewellery
 u - a ring of protection from cold (left hand)
Scrolls
 f - a scroll of identify
 i - 2 scrolls of fog
 j - a scroll of remove curse
Potions
 g - a potion of poison {unknown}
 v - a potion of resistance
Books
 c - a book of Minor Magic

   Spells                             Type                      Level
   a - Magic Dart                     Conjuration                  1
   b - Blink                          Translocation                2
   c - Call Imp                       Summoning                    2
   d - Repel Missiles                 Charms/Air                   2
   e - Slow                           Hexes                        2
   f - Conjure Flame                  Conjuration/Fire             3
   g - Mephitic Cloud                 Conjuration/Poison/Air       3
Comestibles
 d - 3 bread rations
 k - 2 fruits
 n - a meat ration


   Skills:
 + Level 0.4 Fighting
 - Level 1.7 Dodging
 - Level 1.7 Stealth
 * Level 6.2 Unarmed Combat
 - Level 3.0 Spellcasting
 - Level 1.0 Conjurations
 - Level 1.0 Summonings
 - Level 0.8 Translocations


You had 4 spell levels left.
You knew the following spells:

 Your Spells              Type           Power        Failure   Level  Hunger
a - Magic Dart            Conj           #...         12%         1    None
b - Blink                 Tloc           N/A          17%         2    ##.....
c - Call Imp              Summ           #.......     17%         2    ##.....
d - Repel Missiles        Chrm/Air       #.....       24%         2    ##.....


Dungeon Overview and Level Annotations

Branches:
Dungeon (5/15)             Temple (1/1) D:4

Altars:
Cheibriados
Dithmenos
Kikubaaqudgha
Makhleb
Okawaru
Ru
Trog
Xom
Yredelemnul
Zin
The Shining One

Shops:
D:4 (%

Annotations:
D:4 inmateoo's ghost, novice HEFi


Innate Abilities, Weirdness & Mutations

You are partially covered in icy blue scales (AC +1).
You regenerate a little health from kills.


Message History

Unknown command.
Your surroundings suddenly seem different.
The gnoll hits you from afar with a spear.
The gnoll misses you.
The gnoll hits you from afar with a spear.
* * * LOW HITPOINT WARNING * * *
Unknown command.
Unknown command.
Unknown command.
Drink which item? (? for menu, Esc to quit)
You feel agile all of a sudden. The gnoll misses you.
The hound bites your crimson imp.
The gnoll hits you from afar with a spear.
* * * LOW HITPOINT WARNING * * *
The gnoll misses you.
Unknown command.
Drink which item? (? for menu, Esc to quit)
You feel very mighty all of a sudden.
You feel sick. The hound misses your crimson imp. The gnoll hits you.
You die...

######## #......#
#......+ #
#########......###.###
......................
#.....(5......#
######....5##S####.#
..........5@gg# .#
.........h##..##.#.#
..........>......#)#
....#'##)#######.#
.......#h# .#
+######...#h# ## .....
#...#.#
.....##...#)#####.
.................#


You could see a hound, 2 gnolls, an adder and 2 friendly crimson imps.

Vanquished Creatures
  An orc priest (D:3)
  A gnoll shaman (D:5)
  2 hounds
  4 adders
  An ooze (D:3)
  3 worms (D:2)
  An adder skeleton (D:4)
  2 giant geckos
  3 orcs
  6 bats
  8 hobgoblins
  9 kobolds
  6 giant cockroaches
  4 giant newts
  16 goblins
  3 quokkas
70 creatures vanquished.

Vanquished Creatures (collateral kills)
  Duvessa (D:4)
  Dowan (D:4)
  A scorpion (D:4)
  An orc wizard (D:4)
  A centaur skeleton (D:4)
  Robin (D:4)
  A gnoll (D:5)
  3 orcs
  A giant cockroach (D:5)
  A jackal skeleton (D:4)
12 creatures vanquished.

Grand Total: 82 creatures vanquished

Notes
Turn   | Place    | Note
--------------------------------------------------------------
     0 | D:1      | inmateoo the Demonspawn Wizard began the quest for the Orb.
     0 | D:1      | Reached XP level 1. HP: 13/13 MP: 4/4
    51 | D:1      | Reached skill level 1 in Unarmed Combat
   144 | D:1      | Gained mutation: You are partially covered in icy blue scales (AC +1). [demonic ancestry]
   144 | D:1      | Reached XP level 2. HP: 14/19 MP: 0/6
   798 | D:2      | Gained mutation: You regenerate a little health from kills. [demonic ancestry]
   798 | D:2      | Reached XP level 3. HP: 11/24 MP: 0/7
  1309 | D:2      | Learned a level 2 spell: Blink
  1312 | D:2      | Learned a level 2 spell: Call Imp
  1315 | D:2      | Learned a level 2 spell: Repel Missiles
  2205 | D:3      | Reached XP level 4. HP: 30/30 MP: 8/8
  2622 | D:4      | Found Akhing's Weapon Emporium.
  2633 | D:4      | Noticed inmateoo's ghost (novice HEFi)
  2651 | D:4      | Reached skill level 4 in Unarmed Combat
  2714 | D:3      | Reached XP level 5. HP: 23/35 MP: 7/9
  2719 | D:3      | Found a glowing golden altar of the Shining One.
  2930 | D:4      | Found Qyuwe's Food Shoppe.
  2972 | D:4      | Noticed Robin
  2987 | D:4      | Killed Robin
  3041 | D:4      | Found a shadowy altar of Dithmenos.
  3184 | D:4      | Reached skill level 5 in Unarmed Combat
  3292 | D:4      | Reached XP level 6. HP: 24/41 MP: 4/10
  3586 | D:4      | Noticed Duvessa
  3594 | D:4      | Noticed Dowan
  3630 | D:4      | Killed Duvessa
  3637 | D:4      | Killed Dowan
  3637 | D:4      | Reached skill level 6 in Unarmed Combat
  3697 | D:4      | Found an ancient bone altar of Kikubaaqudgha.
  3800 | D:4      | Found a staircase to the Ecumenical Temple.
  3875 | Temple   | Entered the Ecumenical Temple
  3892 | Temple   | Became a worshipper of Cheibriados the Contemplative
  3962 | D:5      | Entered Level 5 of the Dungeon
  4094 | D:5      | Slain by a gnoll

Action                   |  1- 3 |  4- 6 || total
-------------------------+-------+-------++-------
Melee: Dagger            |   106 |    83 ||   189
       Unarmed           |       |    59 ||    59
 Cast: Magic Dart        |    68 |    14 ||    82
       Call Imp          |     2 |    21 ||    23
       Repel Missiles    |     1 |       ||     1
       Blink             |       |     2 ||     2
  Use: Scroll            |       |    12 ||    12
       Potion            |       |    10 ||    10
 Stab: Sleeping          |     2 |     2 ||     4
  Eat: Chunk             |     4 |     6 ||    10
       Pizza             |       |     1 ||     1
